 Dungeon Crawl Stone Soup version 0.28-a0-1520-gc3277d3759 (webtiles) character file.

Game seed: 14014684798416854942

84 gruber the Conjurer (level 4, -4/33 HPs)
             Began as a Draconian Conjurer on Jan 17, 2022.
             Killed by nerve-wracking pain
             ... invoked by an orc priest
              (13 damage)
             ... on level 3 of the Dungeon on Jan 18, 2022.
             The game lasted 00:02:18 (3553 turns).

gruber the Conjurer (Draconian Conjurer)            Turns: 3553, Time: 00:02:18

Health: -4/33      AC:  5    Str: 15    XL:     4   Next: 23%
Magic:  1/7        EV: 12    Int: 20    God:
Gold:   142        SH:  0    Dex: 10    Spells: 1/7 levels left

rFire   . . .      SeeInvis .   j - +3 mace "Tattletale" {venom, rC+ Str+6}
rCold   + . .      Faith    .   (no shield)
rNeg    . . .      Spirit   .   (armour unavailable)
rPois   .          Reflect  .   (helmet restricted)
rElec   .          Harm     .   (no cloak)
rCorr   .          Rampage  .   (no gloves)
Will    .....                   (no boots)
Stlth   ++........              (no amulet)
HPRegen 0.11/turn               b - +4 ring of slaying
MPRegen 0.10/turn               (no ring)

@: no status effects
A: AC +5, unfitting armour, cold-blooded
a: no special abilities


You were on level 3 of the Dungeon.
You visited 1 branch of the dungeon, and saw 3 of its levels.

You collected 142 gold pieces.

Inventory:

Hand Weapons
 j - the +3 mace "Tattletale" (weapon) {venom, rC+ Str+6}
   (You found it on level 3 of the Dungeon)

   It poisons the flesh of those it strikes.
   Str:       It affects your strength (+6).
   rC:        It protects you from cold.
Jewellery
 b - a +4 ring of slaying (left hand)
 d - a ring of ice
Scrolls
 c - a scroll of acquirement {unknown}
 e - 2 scrolls of noise {unknown}
 f - 3 scrolls of identify {unknown}
 g - 2 scrolls of amnesia {unknown}
 i - a scroll of vulnerability {unknown}
 k - a scroll of teleportation {unknown}
Potions
 a - 3 potions of curing {unknown}
 h - a potion of cancellation {unknown}


   Skills:
 - Level 0.1 Fighting
 - Level 1.7 Dodging
 - Level 1.8 Stealth
 - Level 2.0 Spellcasting
 * Level 5.7 Conjurations


You had one spell level left.
You knew the following spells:

 Your Spells              Type           Power      Damage    Failure   Level
a - Magic Dart            Conj           100%       1d8       1%          1
b - Searing Ray           Conj           50%        2d6       2%          2
c - Dazzling Flash        Conj/Hex       26%        N/A       14%         3

Your spell library contained the following spells:

 Spells                   Type           Power      Damage    Failure   Level
 Blink                    Tloc           4%         N/A       24%         2
 Call Canine Familiar     Summ           2%         N/A       43%         3
 Portal Projectile        Hex/Tloc       4%         N/A       43%         3
 Fulminant Prism          Conj/Hex       6%         3d7       43%         4
 Iskenderun's Mystic Bla  Conj/Tloc      13%        2d5       43%         4
 Leda's Liquefaction      Hex/Erth       1%         N/A       83%         4
 Manifold Assault         Tloc           2%         N/A       99%         5
 Storm Form               Tmut/Air       1%         N/A       100%        7


Dungeon Overview and Level Annotations

Branches:
Dungeon (3/15)

Altars:
Nemelex Xobeh
Sif Muna


Innate Abilities, Weirdness & Mutations

Your plain brown scales are hard. (AC +5)
You cannot fit into any form of body armour.
You are cold-blooded and may be slowed by cold attacks.


Message History

An orc wizard is nearby!
An orc wizard is nearby!
An orc priest comes into view.
It is wielding a +4 war axe of freezing.
An orc comes into view. It is wielding a +0 hand axe.
The orc wizard shouts!
The orc priest shouts!
You hear a shout!
An orc priest comes into view. It is wielding a +0 flail.
The orc moves out of view.
The magic dart hits the orc wizard but does no damage.
The magic dart hits the orc wizard.
The orc wizard is moderately wounded.
The orc priest looks braver for a moment.
The magic dart hits the orc wizard but does no damage.
The orc wizard is moderately wounded.
The orc wizard misses you.
The orc priest looks encouraged for a moment.
The orc priest calls down the wrath of Beogh upon you.
Beogh smites you!
An orc priest comes into view. It is wielding a +3 flail.
You hear a shout!
Unknown command.
Casting: Magic Dart (safe; 1% risk of failure)
Confirm with . or Enter, or press ? or * to list all spells.
Aiming: Searing Ray (safe; 2% risk of failure)
Press: ? - help, Shift-Dir - straight line, f/p - orc wizard
Aim: an orc wizard, wielding a +0 dagger and wearing a +0 robe (moderately wounded, 74% to hit)
The searing ray hits the orc wizard.
The orc wizard is heavily wounded.
The searing ray hits the orc priest.
The orc priest is lightly wounded. (Press . to maintain the ray.)
The orc wizard hits you with a +0 dagger.
The orc priest invokes the aid of Beogh against you.
Beogh smites you!
* * * LOW HITPOINT WARNING * * *
The searing ray hits the orc wizard!
You kill the orc wizard!
The searing ray misses the orc priest.
The orc priest invokes the aid of Beogh against you.
Pain shoots through your body!
You die...

#............#
#.........#...
#####.........##.#
#.............###.
#.###.#+#.....# ##
#.# #.#.).....# #
#.###.#)......#
#.#...#.......#
#@# #.........#
#)# #.#......##
#.# #.#.###.....
#o# #.#.########
#.# #.........#
#o# #.........####
#o# +.............
#.# #.........####
+.............


You could see 3 orc priests.

Vanquished Creatures
  An orc wizard (D:3)
  2 adders
  A worm (D:3)
  A dart slug (D:1)
  An orc (D:3)
  6 bats
  5 endoplasms
  3 giant cockroaches (D:3)
  7 goblins
  5 hobgoblins
  4 jackals (D:1)
  2 quokkas
  3 ball pythons
  3 frilled lizards
  9 kobolds
  4 rats
57 creatures vanquished.

Notes
Turn   | Place    | Note
-------+----------+-------------------------------------------
     0 | D:1      | gruber the Draconian Conjurer began the quest for the Orb.
     0 | D:1      | Reached XP level 1. HP: 14/14 MP: 3/3
   332 | D:1      | Reached XP level 2. HP: 16/20 MP: 5/5
   641 | D:1      | Found a faded altar of an unknown god.
  1299 | D:2      | Reached skill level 5 in Conjurations
  1299 | D:2      | Reached XP level 3. HP: 24/26 MP: 3/6
  2209 | D:3      | Learned a level 2 spell: Searing Ray
  2213 | D:3      | Learned a level 3 spell: Dazzling Flash
  2751 | D:3      | Identified the +3 mace "Tattletale" {venom, rC+ Str+6}
  2808 | D:3      | Found a sparkling altar of Nemelex Xobeh.
  2916 | D:3      | Reached XP level 4. HP: 26/33 MP: 7/7
  3395 | D:3      | Found a shimmering blue altar of Sif Muna.
  3553 | D:3      | Killed from afar by an orc priest

Illustrated notes

Levels and vault maps discovered:
D:1:      dpeg_arrival_simpleton_a, layout_basic,
          hellmonk_ecumenical_altar_arch_garden, hangedman_decor_push
D:2:      layout_basic
D:3:      minmay_inner_zag, layout_basic, lemuel_blue_sif_altar,
          lemuel_crystal_altar, minmay_fractal_squares_5

Skill      XL: |  1  2 |
---------------+-------+-----
Conjurations   | 5 |  5.7
Fighting       | |  0.1
Dodging        | |  1.7
Stealth        | |  1.8
Spellcasting   | |  2.0

Action                   |  1- 3 |  4- 6 || total
-------------------------+-------+-------++-------
Melee: Dagger            |    72 |       ||    72
       Tailslap          |     6 |     3 ||     9
       Mace              |     5 |    23 ||    28
       Punch             |     2 |       ||     2
 Cast: Magic Dart        |    30 |     3 ||    33
       Searing Ray       |       |     1 ||     1
 Stab: Sleeping          |     3 |       ||     3
Armor: Skin              |    22 |     6 ||    28
Dodge: Dodged            |    41 |    13 ||    54

Table legend: (Time is in decaauts)
 A = Elapsed time spent in this place.
 B = Non-inter-level travel time spent in this place.
 C = Inter-level travel time spent in this place.
 D = Time resting spent in this place.
 E = Time spent auto-exploring this place.
 F = Levels seen in this place.
 G = Mean time per level.
                   A        B        C        D        E       F      G
               +--------+--------+--------+--------+--------+-----+--------+
         Total |   3562 |   3487 |     75 |    303 |   2801 |   3 | 1187.3 |
       Dungeon |   3562 |   3487 |     75 |    303 |   2801 |   3 | 1187.3 |
               +--------+--------+--------+--------+--------+-----+--------+

Top non-repeatable levels by time:
     D:3: 1360 daAuts
     D:1: 1194 daAuts
     D:2: 1007 daAuts
